 Dungeon Crawl Stone Soup version 0.31-a0-940-gdaa99269f9 (webtiles) character file.

Game seed: 12443211167513206032

42 Ahpoh the Covered (level 3, 0/30 HPs)
             Began as a Barachi Fighter on Oct 20, 2023.
             Slain by a cerulean imp
             ... wielding a +6 spear
             ... summoned by Natasha
              (9 damage)
             ... on level 2 of the Dungeon.
             The game lasted 00:01:46 (780 turns).

Ahpoh the Covered (Barachi Fighter)                  Turns: 780, Time: 00:01:46

Health: 0/30       AC:  7    Str: 17    XL:     3   Next: 56%
Magic:  3/3        EV:  9    Int:  8    God:
Gold:   71         SH:  5    Dex: 13    Spells: 2/2 levels left

rFire   . . .        a - +0 long sword
rCold   . . .        c - +0 buckler
rNeg    . . .        b - +0 scale mail
rPois   .            (no helmet)
rElec   .            (no cloak)
rCorr   .            (no gloves)
SInv    .            (no boots)
Will    .....        (no amulet) Stlth
                     (no ring)
HPRegen 0.25/turn    (no ring)
MPRegen 0.08/turn

%: no passive effects
@: unable to hop, slowed, very slow
A: amphibious, slowness 1, strong legs 1, +LOS
a: Hop


You were on level 2 of the Dungeon.
You visited 1 branch of the dungeon, and saw 2 of its levels.

You collected 71 gold pieces.

Inventory:

Hand Weapons
 a - a +0 long sword (weapon)
Armour
 b - a +0 scale mail (worn)
 c - a +0 buckler (worn)
Scrolls
 e - 2 scrolls of revelation {unknown}
 f - a scroll of blinking {unknown}
 h - a scroll of identify {unknown}
Potions
 d - a potion of might
 g - a potion of cancellation {unknown}


   Skills:
 * Level 4.0 Fighting
 * Level 3.0 Long Blades
 * Level 4.2 Armour
 * Level 0.5 Dodging
 * Level 3.7 Shields


You had 2 spell levels left.
You didn't know any spells.
Your spell library was empty.

Dungeon Overview and Level Annotations

Branches:
Dungeon (2/15)

Altars:

Annotations:
D:2 Natasha


Innate Abilities, Weirdness & Mutations

You are amphibious.
You cover ground slowly.
You can hop short distances.
You have an extended range of vision and can be seen from far away.


Message History

The adder barely misses you.
You closely miss the adder.
The adder is almost dead.
The adder closely misses you. You block the adder's attack.
You closely miss the adder.
The adder is almost dead.
You block the adder's attack. The adder bites you but does no damage.
You hit the adder.
You kill the adder!
Your Long Blades skill increases to level 3!
A worm comes into view.
Found a faded altar of an unknown god.
The shining eye turns its gaze towards you.
The shining eye turns its gaze towards you.
The shining eye turns its gaze towards you.
Natasha, Servant of Life and Death comes into view.
Natasha hisses angrily.
Natasha casts a spell at you.
You feel yourself slow down.
You see here 12 gold pieces.
You now have 71 gold pieces (gained 12).
Natasha casts a spell.
You hit Natasha.
Natasha is heavily wounded.
Natasha claws you. x2; The worm bites you.
Unknown command.
You block the cerulean imp's attack. Natasha claws you.
Natasha closely misses you.
The cerulean imp hits you from afar with a +6 spear.
The worm attacks as it pursues you! The worm bites you.
Okay, then.
Hop to where?
Press: ? - help, Dir - move target Boing!
Natasha mumbles some strange words.
The cerulean imp hits you but does no damage.
The cerulean imp hits you from afar with a +6 spear!
* * * LOW HITPOINT WARNING * * *
The cerulean imp hits you from afar with a +6 spear!
You die...

#. ### ###.## ... .....
..# ###...###.###
#G#...#G#...
.###...###.#
...........#
....._....h######.#####
..........w.5.@........
.###...###.#5####.#####
#G#...#G#...# .#
###...###.### ##.#
..........# ##...#
#.##......###..# #.
######.....# #.#
####.## #.# #.#


You could see a worm, Natasha and 2 cerulean imps.

Vanquished Creatures
  A gnoll (D:1)
  An adder (D:2)
  2 ball pythons
  A bat (D:2)
  2 endoplasms
  A giant cockroach (D:1)
  A goblin (D:1)
  4 hobgoblins
  3 kobolds
  A frilled lizard (D:1)
  6 rats (D:1)
23 creatures vanquished.

Notes
Turn   | Place    | Note
-------+----------+-------------------------------------------
     0 | D:1      | Ahpoh the Barachi Fighter began the quest for the Orb.
     0 | D:1      | Reached XP level 1. HP: 18/18 MP: 1/1
   138 | D:1      | Reached XP level 2. HP: 22/25 MP: 2/2
   532 | D:1      | Reached XP level 3. HP: 30/30 MP: 3/3
   748 | D:2      | Noticed a shining eye
   750 | D:2      | Noticed a shining eye
   768 | D:2      | Found a faded altar of an unknown god.
   768 | D:2      | Noticed a shining eye
   770 | D:2      | Noticed a shining eye
   772 | D:2      | Noticed Natasha
   780 | D:2      | Slain by a cerulean imp

Illustrated notes

Levels and vault maps discovered:
D:1:      dpeg_arrival_ratfight, layout_basic, minmay_curled_crystal,
          chequers_avenue
D:2:      layout_basic, hellmonk_ecumenical_altar_watching_god,
          kennysheep_pointless_box, uniq_natasha

Skill      XL: |  1  2  3 |
---------------+----------+-----
Armour         | 4 |  4.2
Fighting       | 4 |  4.0
Long Blades    | 3 |  3.0
Dodging        | |  0.5
Shields        | |  3.7

Action                     || total
---------------------------++-------
  Melee: Long sword        ||    66
Ability: Hop               ||     1
 Armour: Scale mail        ||    51
  Dodge: Dodged            ||    24
  Block: Buckler           ||    19

Table legend: (Time is in decaauts)
 A = Elapsed time spent in this place.
 B = Non-inter-level travel time spent in this place.
 C = Inter-level travel time spent in this place.
 D = Time resting spent in this place.
 E = Time spent auto-exploring this place.
 F = Levels seen in this place.
 G = Mean time per level.
                   A        B        C        D        E       F      G
               +--------+--------+--------+--------+--------+-----+--------+
         Total |    927 |    927 |      0 |     52 |    612 |   2 |  463.5 |
       Dungeon |    927 |    927 |      0 |     52 |    612 |   2 |  463.5 |
               +--------+--------+--------+--------+--------+-----+--------+

Top non-repeatable levels by time:
     D:1: 747 daAuts
     D:2: 180 daAuts
